 Dungeon Crawl Stone Soup version 0.30-a0-12-gd8047c6341 (webtiles) character file.

Game seed: 10567284885425706359

55 gelatine the Stinger (level 3, 0/24 HPs)
             Began as a Demonspawn Venom Mage on Aug 24, 2022.
             Slain by a gnoll
             ... wielding a +0 halberd
              (7 damage)
             ... on level 2 of the Dungeon.
             The game lasted 00:02:55 (1728 turns).

gelatine the Stinger (Demonspawn Venom Mage)        Turns: 1728, Time: 00:02:56

Health: 0/24       AC:  4    Str:  8    XL:     3   Next: 67%
Magic:  4/6        EV: 12    Int: 24    God:
Gold:   102        SH:  0    Dex: 13    Spells: 0/6 levels left

rFire   . . .      SeeInvis .    e - +0 club
rCold   . . .      Faith    .    (no shield)
rNeg    . . .      Spirit   .    a - +1 robe
rPois   .          Reflect  .    (no helmet)
rElec   .          Harm     .    c - +0 cloak
rCorr   .          Rampage  .    (no gloves)
Will    .....                    (no boots)
Stlth   ++........               (no amulet)
HPRegen 0.08/turn                j - +6 ring of intelligence
MPRegen 0.10/turn                (no ring)

@: no status effects
A: claws 1
a: no special abilities


You were on level 2 of the Dungeon.
You visited 1 branch of the dungeon, and saw 2 of its levels.

You collected 102 gold pieces.

Inventory:

Hand Weapons
 e - a +0 club (weapon)
Armour
 a - a +1 robe (worn)
 c - a +0 cloak (worn)
Jewellery
 j - a +6 ring of intelligence (left claw)
 k - an amulet of reflection
Scrolls
 g - a scroll of enchant armour
 i - a scroll of magic mapping {unknown}
 m - a scroll of teleportation {unknown}
Potions
 b - a potion of magic
 d - 2 potions of might
 f - a potion of lignification
 h - 2 potions of curing {unknown}
 l - a potion of flight {unknown}


   Skills:
 + Level 0.1 Fighting
 + Level 1.9 Dodging
 + Level 2.0 Stealth
 + Level 2.4 Spellcasting
 + Level 1.2 Transmutations
 + Level 4.0 Poison Magic


You couldn't memorise any spells.
You knew the following spells:

 Your Spells              Type           Power      Damage    Failure   Level
a - Sting                 Tmut/Pois      60%        1d6       3%          1
b - Poisonous Vapours     Pois/Air       24%        N/A       8%          2
c - Mephitic Cloud        Conj/Pois/Air  9%         N/A       21%         3

Your spell library contained the following spells:

 Spells                   Type           Power      Damage    Failure   Level
 Olgreb's Toxic Radiance  Pois           22%        N/A       22%         4
 Gell's Gravitas          Tloc           2%         N/A       34%         3
 Lesser Beckoning         Tloc           2%         N/A       34%         3
 Teleport Other           Tloc           2%         N/A       34%         3


Dungeon Overview and Level Annotations

Branches:
Dungeon (2/15)

Altars:


Innate Abilities, Weirdness & Mutations

You have sharp fingernails.


Message History

The worm bites you.
You completely miss the worm.
The worm is severely wounded.
You hit the worm but do no damage.
The worm is severely wounded.
The worm closely misses you.
You hit the worm but do no damage.
The worm is almost dead.
You kill the worm!
Your Stealth skill increases to level 2!
You see here a rat corpse.
You pick up a book of Displacement and begin reading...
You add the spells Lesser Beckoning, Gell's Gravitas and Teleport Other to your library.
You see here a rat corpse.
There is an open door here.
You open the door.
There is an open door here.
Found a plate armour.
m - a scroll labelled DESSIO UTZE A rat comes into view.
You can't see any susceptible monsters within range! (Use Z to cast anyway.)
The sting hits the rat.
The rat is poisoned.
You kill the rat!
There is an open door here.
You open the door.
There is an open door here. 2 gnolls come into view.
A rat and a gnoll come into view.
Found a glowing long sword.
The gnoll shouts! x2
A gnoll comes into view. It is wielding a +0 whip.
The sting hits the gnoll.
The gnoll is poisoned.
The gnoll is lightly wounded.
The sting hits the gnoll.
The gnoll looks even sicker.
The gnoll is lightly wounded.
The gnoll hits you with a +0 flail! The gnoll attacks as you move away!
The gnoll hits you with a +0 flail!
* * * LOW HITPOINT WARNING * * *
The gnoll hits you from afar with a +0 halberd!
You die...

#.#######.# #.#
#######.#.......# #.#
..........####### #<#
#######.### #.#
#.##############.#
#.#..............#
#.####################
#.#)..#..'.##.)#..#..#
#.# #@..##..##...##.##
#.# ##.g#....##..#..#.
#.# ..g##.....##...##.
##.###g.#.......##.†#..
#..# #.##........##†..#
#..# r.#...#......##..#
###.###.##...##......####
>.#.# ..#...####......##.
#.#.## ##...#..##......#.


You could see 2 gnolls.

Vanquished Creatures
  A gnoll (D:1)
  2 adders (D:2)
  A worm (D:2)
  A dart slug (D:2)
  A ball python (D:2)
  A bat (D:2)
  2 goblins
  3 hobgoblins (D:2)
  3 jackals (D:2)
  A quokka (D:1)
  4 frilled lizards
  4 rats
24 creatures vanquished.

Notes
Turn   | Place    | Note
-------+----------+-------------------------------------------
     0 | D:1      | gelatine the Demonspawn Venom Mage began the quest for the
                  | Orb.
     0 | D:1      | Reached XP level 1. HP: 13/13 MP: 3/3
    75 | D:1      | Found a faded altar of an unknown god.
   415 | D:1      | Reached skill level 1 in Transmutations
   415 | D:1      | Gained mutation: You have sharp fingernails. [demonic
                  | ancestry]
   415 | D:1      | Reached XP level 2. HP: 19/19 MP: 0/5
   800 | D:2      | Learned a level 2 spell: Poisonous Vapours
   927 | D:2      | Reached XP level 3. HP: 23/24 MP: 0/6
  1129 | D:2      | Learned a level 3 spell: Mephitic Cloud
  1271 | D:2      | Reached skill level 4 in Poison Magic
  1728 | D:2      | Slain by a gnoll

Illustrated notes

Levels and vault maps discovered:
D:1:      lemuel_arrival_tunnels, layout_loops_ring,
          dilly_ecumenical_altar_fadedgnrine, nicolae_grassy_gnolls
D:2:      minmay_razor_zed, layout_loops_ring

Skill      XL: |  1  2  3 |
---------------+----------+-----
Transmutations | 1 |  1.2
Poison Magic   | 4 |  4.0
Stealth        | 2 |  2.0
Fighting       | |  0.1
Dodging        | |  1.9
Spellcasting   | |  2.4

Action                   || total
-------------------------++-------
Melee: Unarmed           ||     2
       Club              ||     9
 Cast: Sting             ||    45
  Use: Scroll            ||     3
Armor: Robe              ||     9
Dodge: Dodged            ||     7

Table legend: (Time is in decaauts)
 A = Elapsed time spent in this place.
 B = Non-inter-level travel time spent in this place.
 C = Inter-level travel time spent in this place.
 D = Time resting spent in this place.
 E = Time spent auto-exploring this place.
 F = Levels seen in this place.
 G = Mean time per level.
                   A        B        C        D        E       F      G
               +--------+--------+--------+--------+--------+-----+--------+
         Total |   1729 |   1715 |     14 |      0 |   1528 |   2 |  864.5 |
       Dungeon |   1729 |   1715 |     14 |      0 |   1528 |   2 |  864.5 |
               +--------+--------+--------+--------+--------+-----+--------+

Top non-repeatable levels by time:
     D:2: 934 daAuts
     D:1: 795 daAuts
